 Dungeon Crawl Stone Soup version 0.27-a0-1308-gc08437e49b (webtiles) character file.

Game seed: 15742640538417349038

76 Wyvernaa the Skirmisher (level 4, -1/40 HPs)
             Began as a Hill Orc Fighter on June 18, 2021.
             Slain by a gnoll (7 damage)
             ... on level 3 of the Dungeon.
             The game lasted 00:03:18 (1963 turns).

Wyvernaa the Skirmisher (Hill Orc Fighter)          Turns: 1963, Time: 00:03:19

Health: -1/40      AC:  7    Str: 19    XL:     4   Next: 32%
Magic:  4/4        EV:  7    Int:  8    God:
Gold:   46         SH:  9    Dex: 10    Spells: 3/3 levels left

rFire    . . .     SeeInvis .   a - +0 flail
rCold    . . .     Faith    .   c - +0 kite shield
rNeg     . . .     Spirit   .   b - +0 scale mail
rPois    +         Reflect  .   (no helmet)
rElec    .         Harm     .   (no cloak)
rCorr    +         Rampage  .   (no gloves)
Will     .....                  (no boots)
Stlth    ..........             (no amulet)
HPRegen  0.13/turn              i - ring of resist corrosion
MPRegen  0.09/turn              k - ring of poison resistance

@: no status effects
A: no striking features
a: no special abilities


You were on level 3 of the Dungeon.
You visited 1 branch of the dungeon, and saw 3 of its levels.

You collected 46 gold pieces.

Inventory:

Hand Weapons
 a - a +0 flail (weapon)
Armour
 b - a +0 scale mail (worn)
 c - a +0 kite shield (worn)
Jewellery
 h - a ring of fire
 i - a ring of resist corrosion (left hand)
 k - a ring of poison resistance (right hand)
Scrolls
 e - a scroll of fear
 g - 2 scrolls of enchant weapon
 j - a scroll of identify
 o - a scroll of magic mapping {unknown}
Potions
 d - a potion of might
 f - a potion of lignification {unknown}
 l - a potion of resistance {unknown}
 m - a potion of heal wounds {unknown}
 n - a potion of haste {unknown}


   Skills:
 + Level 4.0 Fighting
 + Level 3.3 Maces & Flails
 + Level 3.8 Armour
 + Level 0.7 Dodging
 + Level 3.9 Shields


You had 3 spell levels left.
You didn't know any spells.
Your spell library contained the following spells:

 Spells                   Type           Power      Damage    Failure   Level
 Corona                   Hex            0%         N/A       99%         1
 Ensorcelled Hibernation  Hex/Ice        0%         N/A       100%        2
 Confusing Touch          Hex            0%         N/A       100%        3
 Dazzling Flash           Conj/Hex       0%         N/A       100%        3
 Tukima's Dance           Hex            0%         N/A       100%        3


Dungeon Overview and Level Annotations

Branches:
Dungeon (3/15)

Altars:
Fedhas


Message History

You hit the gnoll but do no damage.
The gnoll is severely wounded.
The gnoll hits you with a +0 whip.
You hit the gnoll but do no damage.
The gnoll is severely wounded.
The gnoll barely misses you. The gnoll hits you with a +0 whip.
You barely miss the gnoll.
The gnoll is severely wounded.
You block the gnoll's attack.
You closely miss the gnoll.
The gnoll is severely wounded.
You block the gnoll's attack. The gnoll hits you but does no damage.
You barely miss the gnoll.
The gnoll is severely wounded.
You block the gnoll's attack.
You hit the gnoll.
You kill the gnoll!
You block the gnoll's attack.
Your Maces & Flails skill increases to level 3!
You have reached level 4!
You hit the gnoll.
The gnoll is moderately wounded.
You block the gnoll's attack.
You thump the gnoll!
The gnoll is almost dead.
The gnoll hits you with a +0 flail. The gnoll hits you with a +0 flail!
You hit the gnoll.
You kill the gnoll!
You barely miss the frilled lizard.
The frilled lizard completely misses you.
The frilled lizard bites you but does no damage.
Unknown command.
You hit the frilled lizard.
You kill the frilled lizard!
You closely miss the gnoll. The gnoll hits you with a +0 flail.
You closely miss the gnoll. The gnoll hits you with a +0 flail.
The gnoll hits you with a +0 flail!
* * * LOW HITPOINT WARNING * * *
You barely miss the gnoll. The gnoll hits you with a +0 flail!
You die...

..≈.≈....####.#
...≈).≈#.#.##.#
..≈...#....##.#
######.#.#.##.# #
##.##.#..#.#######.#
####.###.#.#..##.....$.
...(.......#.......#
####.###.###.###.#.#
..........# #@#
##.###.#.#.#.# #g#
.............. ..#
...... ... ......#
##.#.###.###.###.# # #
#.. .. #.# # ... # #.#
#


You could see a gnoll.

Vanquished Creatures
  3 gnolls (D:3)
  4 ball pythons
  3 bats
  4 endoplasms
  7 goblins
  5 hobgoblins
  7 jackals
  3 kobolds
  2 quokkas (D:1)
  3 frilled lizards
41 creatures vanquished.

Notes
Turn   | Place    | Note
-------+----------+-------------------------------------------
     0 | D:1      | Wyvernaa the Hill Orc Fighter began the quest for the Orb.
     0 | D:1      | Reached XP level 1. HP: 19/19 MP: 1/1
   174 | D:1      | Reached XP level 2. HP: 27/27 MP: 2/2
   339 | D:1      | Found a faded altar of an unknown god.
   839 | D:1      | Reached XP level 3. HP: 22/33 MP: 3/3
  1122 | D:2      | Reached skill level 4 in Fighting
  1340 | D:2      | Found a blossoming altar of Fedhas.
  1956 | D:3      | Reached XP level 4. HP: 30/40 MP: 4/4
  1963 | D:3      | Slain by a gnoll

Illustrated notes

Levels and vault maps discovered:
D:1:      nicolae_arrival_somewhat_less_tricky_arrival, layout_basic,
          hellmonk_ecumenical_altar_blasted, minmay_tiny_reverse_x
D:2:      layout_rooms, basic_altar
D:3:      layout_loops_ring, chequers_serial_rivers_small_3

Skill      XL: |  1  2  3 |
---------------+----------+-----
Fighting       | 4 |  4.0
Maces & Flails | 3 |  3.3
Armour         | |  3.8
Dodging        | |  0.7
Shields        | |  3.9

Action                   |  1- 3 |  4- 6 || total
-------------------------+-------+-------++-------
Melee: Flail             |   126 |     8 ||   134
  Use: Scroll            |     5 |       ||     5
Armor: Scale mail        |    85 |     1 ||    86
Dodge: Dodged            |    62 |     1 ||    63
Block: Kite shield       |    93 |     1 ||    94

Table legend: (Time is in decaauts)
 A = Elapsed time spent in this place.
 B = Non-inter-level travel time spent in this place.
 C = Inter-level travel time spent in this place.
 D = Time resting spent in this place.
 E = Time spent auto-exploring this place.
 F = Levels seen in this place.
 G = Mean time per level.
                   A        B        C        D        E       F      G
               +--------+--------+--------+--------+--------+-----+--------+
         Total |   2027 |   1989 |     38 |    190 |   1465 |   3 |  675.7 |
       Dungeon |   2027 |   1989 |     38 |    190 |   1465 |   3 |  675.7 |
               +--------+--------+--------+--------+--------+-----+--------+

Top non-repeatable levels by time:
     D:1: 1146 daAuts
     D:2: 727 daAuts
     D:3: 154 daAuts
